 Dungeon Crawl Stone Soup version 0.23.0-28-g6fe0f4d (webtiles) character file.

Game seed: 9299676244045334068

4436 HEYYEYAAE the Quickloader (level 10, -2/108 HPs)
             Began as an Octopode Hunter on Feb 25, 2019.
             Was a Priest of Okawaru.
             Slain by an orc warrior
             ... wielding a +0 long sword
              (11 damage)
             ... on level 9 of the Dungeon.
             The game lasted 00:07:03 (7894 turns).

HEYYEYAAE the Quickloader (Octopode Hunter)         Turns: 7894, Time: 00:07:04

Health: -2/108     AC: 25    Str: 15    XL:     10   Next: 36%
Magic:  10/10      EV:  2    Int: 14    God:    Okawaru [***...]
Gold:   473        SH:  0    Dex: 16    Spells: 9/9 levels left

rFire    . . .     SeeInvis .   s - +3 spear of the Saviour {speed, rC+ Str+4}
rCold    + . .     Gourm    .   (no shield)
rNeg     + + +     Faith    .   (helmet currently unavailable)
rPois    +         Spirit   .   (no amulet)
rElec    .         Reflect  .   n - ring of flight
rCorr    .         Harm     .   f - +1 ring of slaying
MR       .....     NoTele   +   (no ring)
Stlth    ++++......             (no ring)
HPRegen  0.28/turn              (no ring)
MPRegen  0.12/turn              (no ring)
                                (no ring)
                                (no ring)

@: tree-form
A: almost no armour, stealthy swim, (amphibious), 8 rings, (constrict 8)
a: Heroism, Renounce Religion


You were on level 9 of the Dungeon.
You worshipped Okawaru.
Okawaru was most pleased with you.
You were not hungry.
You were a tree.
You visited 1 branch of the dungeon, and saw 9 of its levels.

You collected 473 gold pieces.

Inventory:

Hand Weapons
 a - a +1 hand crossbow
 b - a +0 short sword
 s - the +3 spear of the Saviour (weapon) {speed, rC+ Str+4}
   (You found it on level 4 of the Dungeon)

   Attacks with this weapon are significantly faster.
   It affects your strength (+4).
   It protects you from cold.
Missiles
 c - 84 bolts
Jewellery
 f - a +1 ring of slaying (right branch)
 n - a ring of flight (left branch)
Wands
 l - a wand of polymorph (12)
 u - a wand of iceblast (6)
Scrolls
 e - a scroll of noise
 g - 2 scrolls of teleportation
 h - 2 scrolls of blinking
 i - 6 scrolls of remove curse
 j - a scroll of amnesia
 q - 3 scrolls of magic mapping
 t - 2 scrolls of fog
 v - a scroll of acquirement
 w - 2 scrolls of enchant armour {unknown}
 A - a scroll of immolation {unknown}
 B - a scroll of random uselessness {unknown}
Potions
 k - a potion of might
 p - 2 potions of flight {unknown}
 r - a potion of invisibility {unknown}
 x - 3 potions of haste
 z - a potion of curing
 C - 3 potions of ambrosia {unknown}
Comestibles
 d - 18 rations
 m - 4 chunks of flesh


   Skills:
 * Level 8.1 Fighting
 * Level 9.0 Crossbows
 * Level 8.2 Dodging
 + Level 8.1 Stealth


You had 9 spell levels left.
You didn't know any spells.
Your spell library contained the following spells:

 Spells                   Type           Power        Failure   Level  Hunger
 Animate Skeleton         Necr           N/A          28%         1    ##.....
 Pain                     Necr           #...         28%         1    ##.....
 Sting                    Conj/Pois      #...         28%         1    ##.....
 Poisonous Vapours        Pois/Air       #.....       41%         2    ###....
 Mephitic Cloud           Conj/Pois/Air  #.......     65%         3    ####...
 Regeneration             Chrm/Necr      #.........   65%         3    ####...
 Vampiric Draining        Necr           #.........   65%         3    ####...
 Animate Dead             Necr           N/A          96%         4    #####..
 Olgreb's Toxic Radiance  Pois           #.......     96%         4    #####..
 Venom Bolt               Conj/Pois      #.........   100%        5    ######.


Dungeon Overview and Level Annotations

Branches:
Dungeon (9/15)             Temple (0/1) D:7
   Lair: D:8-11         Orc: D:9-12

Altars:
Cheibriados
Dithmenos
Elyvilon
Fedhas
Hepliaklqana
Okawaru
Ru
Trog
Uskayaw
Yredelemnul
The Shining One

Shops:
D:5 (

Annotations:
D:4 2 transporters
D:5 3 runed translucent doors, Jaiteiro's ghost, amateur GnWr; Jaiteiro's ghost, novice GnFi


Innate Abilities, Weirdness & Mutations

You cannot wear most types of armour.
You are very stealthy in the water. (Stealth+)
((You are amphibious.))
You can wear up to eight rings at the same time.
((You can use your tentacles to constrict eight enemies at once.))
((Your skin changes colour to match your surroundings (Stealth+).))
((Your rubbery body absorbs attacks. (AC +1, EV +1)))


Message History

You are too injured to fight recklessly!
You are too injured to fight recklessly!
You are too injured to fight recklessly!
You are too injured to fight recklessly!
You are too injured to fight recklessly!
You are too injured to fight recklessly!
You are too injured to fight recklessly!
You are too injured to fight recklessly!
You are too injured to fight recklessly!
You hit the orc warrior but do no damage.
You squeeze the orc warrior, but do no damage.
The orc warrior is almost dead.
You constrict the orc warrior, but do no damage.
The orc warrior hits you with a +0 long sword!
* * * LOW HITPOINT WARNING * * *
Really quaff the potion of lignification?
You turn into a tree.
Your roots penetrate the ground.
You lose your grip on the orc warrior.
The orc warrior hits you with a +0 long sword!
You die...

### ## ##.#####
###.###...#..##
##.....##♣#....# ..
#.......#o#....#.#
..##......<.o.....>..
..##.##..#.........#...
......#..†............#
.....................##
......................#
.....................##
......................#


You could see an orc warrior and an orc wizard.

Vanquished Creatures
  Grinder (D:4)
  Prince Ribbit (D:7)
  2 hippogriffs (D:8)
  Sigmund (D:2)
  A spriggan (D:7)
  2 water moccasins
  2 black bears
  An ice beast (D:8)
  2 orc warriors
  6 sky beasts
  3 phantoms
  3 ogres
  A centaur (D:6)
  3 bullfrogs
  A wyvern skeleton (D:8)
  3 scorpions
  4 wights (D:8)
  A howler monkey (D:5)
  A centaur zombie (D:5)
  A crimson imp (D:5)
  A jelly (D:9)
  2 orc priests
  A gnoll shaman (D:8)
  7 hounds
  Natasha (D:3)
  A centaur skeleton (D:7)
  Jessica (D:3)
  A bullfrog skeleton (D:7)
  2 worker ants
  6 orc wizards
  A hound skeleton (D:7)
  8 gnolls
  9 adders
  A shadow imp (D:8)
  3 adder skeletons
  4 worms
  2 leopard geckos
  21 orcs
  6 ball pythons
  2 bats
  8 giant cockroaches
  11 goblins
  4 hobgoblins
  3 jackals (D:5)
  4 kobolds
  3 quokkas
  5 frilled lizards
  2 leopard gecko skeletons
  A quokka skeleton (D:6)
  4 rats
165 creatures vanquished.

Vanquished Creatures (others)
  A worm (D:5)
1 creature vanquished.

Grand Total: 166 creatures vanquished

Notes
Turn   | Place    | Note
-------+----------+-------------------------------------------
     0 | D:1      | HEYYEYAAE the Octopode Hunter began the quest for the Orb.
     0 | D:1      | Reached XP level 1. HP: 14/14 MP: 1/1
   113 | D:1      | Reached XP level 2. HP: 19/19 MP: 2/2
   746 | D:2      | Reached XP level 3. HP: 25/25 MP: 3/3
  1117 | D:2      | Reached XP level 4. HP: 30/30 MP: 4/4
  1235 | D:2      | Noticed Sigmund
  1244 | D:2      | Killed Sigmund
  1244 | D:2      | Reached skill level 5 in Crossbows
  1244 | D:2      | Reached XP level 5. HP: 23/36 MP: 5/5
  1411 | D:2      | Reached XP level 6. HP: 43/43 MP: 6/6
  1784 | D:3      | Found a blossoming altar of Fedhas.
  1845 | D:3      | Noticed Jessica
  1849 | D:3      | Killed Jessica
  1864 | D:3      | You fall through a shaft!
  1957 | D:4      | Found a transporter.
  1966 | D:4      | Found a transporter.
  1971 | D:4      | Noticed a two-headed ogre
  1976 | D:4      | Found a shadowy altar of Dithmenos.
  2183 | D:4      | Noticed Grinder
  2186 | D:4      | Paralysed by Grinder for 6 turns
  2194 | D:4      | Killed Grinder
  2194 | D:4      | Reached XP level 7. HP: 35/49 MP: 7/7
  2280 | D:4      | Found a bloodstained altar of Trog.
  2427 | D:4      | Found a hide-covered altar of Uskayaw.
  2544 | D:4      | Got a crystal spear
  2545 | D:4      | Identified the cursed +3 spear of the Saviour {speed, rC+
                  | Str+4} (You found it on level 4 of the Dungeon)
  3036 | D:3      | Noticed Natasha
  3046 | D:3      | Killed Natasha
  3227 | D:5      | Entered Level 5 of the Dungeon
  3254 | D:5      | Reached skill level 6 in Crossbows
  3320 | D:5      | Found a basalt altar of Yredelemnul.
  3329 | D:5      | Found a runed translucent gate.
  3330 | D:5      | Found a runed translucent gate.
  3395 | D:5      | Found a runed translucent gate.
  3395 | D:5      | Noticed Jaiteiro's ghost (novice GnFi)
  3395 | D:5      | Noticed Jaiteiro's ghost (amateur GnWr)
  3422 | D:5      | Reached skill level 5 in Fighting
  3422 | D:5      | Reached skill level 5 in Dodging
  3422 | D:5      | Reached XP level 8. HP: 50/55 MP: 8/8
  3673 | D:5      | Found a snail-covered altar of Cheibriados.
  3735 | D:5      | Found Cenaem's Weapon Boutique.
  3789 | D:5      | Found a glowing golden altar of the Shining One.
  3791 | D:5      | Noticed an angel
  3852 | D:5      | Reached skill level 5 in Stealth
  4148 | D:6      | Found an iron altar of Okawaru.
  4175 | D:6      | Became a worshipper of Warmaster Okawaru
  4638 | D:6      | Reached skill level 7 in Crossbows
  4718 | D:6      | Found a hazy altar of Hepliaklqana.
  4723 | D:6      | Reached XP level 9. HP: 30/62 MP: 9/9
  5494 | D:7      | Found a white marble altar of Elyvilon.
  5648 | D:7      | Noticed Prince Ribbit
  5653 | D:7      | Killed Prince Ribbit
  5653 | D:7      | Reached * piety under Okawaru
  5766 | D:7      | Found a staircase to the Ecumenical Temple.
  6632 | D:8      | Reached ** piety under Okawaru
  6632 | D:8      | Reached skill level 8 in Crossbows
  6636 | D:8      | Identified a scroll of acquirement
  6795 | D:8      | Reached XP level 10. HP: 71/71 MP: 10/10
  6837 | D:8      | Found a sacrificial altar of Ru.
  7166 | D:8      | Reached *** piety under Okawaru
  7863 | D:9      | Reached skill level 9 in Crossbows
  7894 | D:9      | Slain by an orc warrior

Skill      XL: |  1  2  3  4  5  6  7  8  9 10 |
---------------+-------------------------------+-----
Stealth        | 2 3 4 5 7 8 |  8.1
Fighting       | 3 4 5 6 7 8 |  8.1
Crossbows      | 5 6 7 8 9 |  9.0
Dodging        | 3 4 5 6 7 8 |  8.2

Action                   |  1- 3 |  4- 6 |  7- 9 | 10-12 || total
-------------------------+-------+-------+-------+-------++-------
Melee: Spear             |       |       |   358 |   135 ||   493
       Constrict         |       |       |    46 |    18 ||    64
       Tentacles         |       |       |    65 |    35 ||   100
 Fire: Hand crossbow     |    57 |    52 |    14 |       ||   123
Evoke: Wand              |       |       |     3 |       ||     3
  Use: Potion            |       |       |     9 |     1 ||    10
       Scroll            |       |       |     8 |       ||     8
 Stab: Sleeping          |       |       |    19 |    10 ||    29
  Eat: Chunk             |       |     3 |     8 |     4 ||    15
       Ration            |       |       |     2 |       ||     2
Armor: Skin              |     1 |     2 |    12 |       ||    15
Dodge: Dodged            |    12 |     6 |   149 |    63 ||   230
